 Dungeon Crawl Stone Soup version 0.31-a0-182-gc5ef74bbde (webtiles) character file.

Game seed: 16403175573954867274

119 Anon1729 the Trooper (level 4, -5/41 HPs)
             Began as a Minotaur Monk on June 20, 2023.
             Splashed by a jelly's acid (10 damage)
             ... on level 5 of the Dungeon.
             The game lasted 00:00:48 (2130 turns).

Anon1729 the Trooper (Minotaur Monk)                Turns: 2130, Time: 00:00:49

Health: -5/41      AC:  0    Str: 15    XL:     4   Next: 74%
Magic:  4/4        EV: 13    Int:  7    God:
Gold:   137        SH:  0    Dex: 15    Spells: 3/3 levels left

rFire   . . .        a - +0 short sword
rCold   . . .        d - orb {light}
rNeg    . . .        b - +0 robe
rPois   .            (helmet restricted)
rElec   .            (no cloak)
rCorr   .            g - +0 pair of gloves
SInv    .            (no boots)
Will    .....        h - amulet of the acrobat
Stlth   +            (no ring)
HPRegen 0.26/turn    (no ring)
MPRegen 0.09/turn

%: acrobat
@: corroded, glowing
A: horns 2, retaliatory headbutt
a: no special abilities


You were on level 5 of the Dungeon.
You visited 1 branch of the dungeon, and saw 5 of its levels.

You collected 137 gold pieces.

Inventory:

Hand Weapons
 a - a +0 short sword (weapon)
Armour
 b - a +0 robe (worn)
 d - an orb of light (worn)
 g - a +0 pair of gloves (worn)
Jewellery
 h - an amulet of the acrobat (around neck)
Wands
 m - a wand of acid (4)
Scrolls
 e - 3 scrolls of teleportation {unknown}
 i - 3 scrolls of identify {unknown}
 l - a scroll of enchant weapon {unknown}
 o - a scroll of poison {unknown}
Potions
 c - a potion of ambrosia
 f - a potion of curing
 j - a potion of cancellation {unknown}
 k - a potion of haste {unknown}
 n - a potion of invisibility {unknown}


   Skills:
 + Level 4.3 Fighting
 + Level 4.0 Short Blades
 + Level 2.2 Armour
 + Level 4.0 Dodging
 + Level 1.8 Invocations


You had 3 spell levels left.
You didn't know any spells.
Your spell library contained the following spells:

 Spells                   Type           Power      Damage    Failure   Level
 Summon Small Mammal      Summ           0%         N/A       43%         1
 Blink                    Tloc           0%         N/A       56%         2
 Lesser Beckoning         Tloc           0%         N/A       56%         2
 Momentum Strike          Conj/Tloc      0%         3d8       56%         2
 Call Canine Familiar     Summ           0%         N/A       80%         3
 Summon Guardian Golem    Hex/Summ       0%         N/A       80%         3


Dungeon Overview and Level Annotations

Branches:
Dungeon (6/15)
 Temple: D:4-7

Altars:

Annotations:
D:3 1 runed translucent door, Crazy Yiuf
D:6 1 transporter, discopopstar's ghost, novice FeSu


Innate Abilities, Weirdness & Mutations

You have a pair of horns on your head.
You reflexively headbutt those who attack you in melee.


Message History

An orc comes into view. It is wielding a +0 hand axe.
The orc shouts!
You hear a shout! x2
An orc is nearby!
You can't go up here!
An orc, 2 orc priests and a jelly come into view.
The orc shouts!
The orc priest shouts! x2
The jelly quivers.
The orc priest looks satisfied for a moment.
An orc comes into view. It is wielding a +0 flail.
Found 7 stones.
The orc shouts!
You hear a shout!
The jelly completely misses you. You furiously retaliate!
You headbutt the jelly, but do no damage.
The orc completely misses you. You furiously retaliate!
You headbutt the orc, but do no damage. You hit the orc priest.
The orc priest is lightly wounded.
You hit the jelly but do no damage.
Your hands burn!
You headbutt the jelly.
The jelly is lightly wounded.
The jelly misses you. You furiously retaliate!
You headbutt the jelly.
The orc priest invokes the aid of Beogh against you.
Beogh smites you!
You hit the jelly. The acid corrodes you!
Your hands burn!
You headbutt the jelly, but do no damage.
The jelly is severely wounded.
The jelly hits you. The acid corrodes you!
You are splashed with acid!
The orc priest calls down the wrath of Beogh upon you.
Beogh smites you!
* * * LOW HITPOINT WARNING * * *
You are too injured to fight recklessly!
You are too injured to fight recklessly!
You are too injured to fight recklessly!
You are too injured to fight recklessly!
You are too injured to fight recklessly!
It was a potion of curing.
You feel better.
A centaur comes into view.
The jelly hits you.
* * * LOW HITPOINT WARNING * * *
You are splashed with acid!
You die...

#+ ....... ...
.......
...#####.......
..c....!......
#...o.....(..
#o..o.......
#..oo.......
#J# .. #@##.#
#....# #>.###
#.## #.# ..#
..# ...# ...#


You could see a centaur, a jelly, 2 orc priests and 2 orcs.

Vanquished Creatures
  Ijyb (D:3)
  An adder (D:2)
  A worm (D:2)
  4 dart slugs
  An orc (D:3)
  8 bats
  3 endoplasms (D:1)
  A giant cockroach (D:1)
  6 goblins
  10 hobgoblins
  8 jackals (D:2)
  4 quokkas
  6 ball pythons
  2 frilled lizards
  4 kobolds
  5 rats
65 creatures vanquished.

Notes
Turn   | Place    | Note
-------+----------+-------------------------------------------
     0 | D:1      | Anon1729 the Minotaur Monk began the quest for the Orb.
     0 | D:1      | Reached XP level 1. HP: 19/19 MP: 0/0
   224 | D:1      | Reached XP level 2. HP: 24/27 MP: 1/1
   480 | D:1      | Reached skill level 1 in Armour
   728 | D:1      | Reached skill level 1 in Invocations
   788 | D:1      | Reached XP level 3. HP: 33/33 MP: 2/2
  1250 | D:2      | Reached XP level 4. HP: 37/40 MP: 4/4
  1466 | D:3      | Noticed Ijyb
  1479 | D:3      | Killed Ijyb
  1622 | D:3      | Found a runed translucent door.
  1623 | D:3      | Noticed Crazy Yiuf
  2076 | D:3      | You fall into a shaft and drop 3 floors!
  2106 | D:6      | Found a transporter.
  2108 | D:6      | Noticed discopopstar's ghost (novice FeSu)
  2122 | D:5      | Entered Level 5 of the Dungeon
  2129 | D:5      | HP: 1/41 [orc priest/divine providence (14)]
  2130 | D:5      | Noticed a centaur
  2130 | D:5      | Splashed by a jelly's acid

Illustrated notes

Levels and vault maps discovered:
D:1:      sevenhm_arrival_forest_fort_large_4, layout_loops_corners
D:2:      layout_basic
D:3:      layout_basic, uniq_ijyb, uniq_crazy_yiuf_cottage
D:5:      layout_basic, kennysheep_mini
D:6:      layout_cave_pools, old_standard_altar,
          mainiacjoe_overflow_catwalk_spiral,
          minmay_temple_entry_enclosed_plants, gammafunk_ghost_stat_death,
          minivault_25

Skill      XL: |  1  2  3  4 |
---------------+-------------+-----
Armour         | 1 2 |  2.2
Invocations    | 1 |  1.8
Fighting       | 4 |  4.3
Dodging        | 4 |  4.0
Short Blades   | 4 |  4.0

Action                     |  1- 3 |  4- 6 || total
---------------------------+-------+-------++-------
  Melee: Short sword       |   105 |    41 ||   146
         Headbutt          |    30 |    12 ||    42
    Use: Potion            |       |     1 ||     1
 Armour: Robe              |    15 |     8 ||    23
  Dodge: Dodged            |    83 |    38 ||   121

Table legend: (Time is in decaauts)
 A = Elapsed time spent in this place.
 B = Non-inter-level travel time spent in this place.
 C = Inter-level travel time spent in this place.
 D = Time resting spent in this place.
 E = Time spent auto-exploring this place.
 F = Levels seen in this place.
 G = Mean time per level.
                   A        B        C        D        E       F      G
               +--------+--------+--------+--------+--------+-----+--------+
         Total |   2102 |   2021 |     81 |      8 |   1701 |   5 |  420.4 |
       Dungeon |   2102 |   2021 |     81 |      8 |   1701 |   5 |  420.4 |
               +--------+--------+--------+--------+--------+-----+--------+

Top non-repeatable levels by time:
     D:1: 931 daAuts
     D:3: 686 daAuts
     D:2: 432 daAuts
     D:6: 45 daAuts
     D:5: 7 daAuts
